 Dungeon Crawl Stone Soup version 0.30-a0-782-ge64f9170bb (webtiles) character file.

Game seed: 1124310509395790713

9107 mopl the Cleaver (level 11, -13/95 HPs)
             Began as a Hill Orc Gladiator on Mar 3, 2023.
             Was an Elder of Beogh.
             Mangled by a white ugly thing (35 damage)
             ... on level 9 of the Dungeon.
             The game lasted 00:13:37 (7486 turns).

mopl the Cleaver (Hill Orc Gladiator)               Turns: 7486, Time: 00:13:37

Health: -13/95     AC: 14    Str: 22    XL:     11   Next: 41%
Magic:  13/13      EV: 17    Int:  8    God:    Beogh [****..]
Gold:   190        SH:  0    Dex: 12    Spells: 10/10 levels left

rFire   . . .      SeeInvis .    a - +0 war axe
rCold   . . .      Faith    .    (no shield)
rNeg    . . .      Spirit   .    J - +1 scale mail {rPois}
rPois   +          Reflect  .    c - +0 helmet
rElec   .          Harm     .    n - +0 cloak
rCorr   .          Rampage  .    u - +0 pair of gloves
Will    .....                    g - +0 pair of boots Stlth
                                 C - amulet of regeneration
HPRegen 0.00/turn                N - +5 ring of evasion
MPRegen 0.13/turn                v - ring of poison resistance

@: sick, hasted, very quick
A: no striking features
a: Renounce Religion, Smiting, Recall Orcish Followers


You were on level 9 of the Dungeon.
You worshipped Beogh.
Beogh was greatly pleased with you.
You visited 1 branch of the dungeon, and saw 9 of its levels.
You also visited: Sewer.

You collected 431 gold pieces.
You spent 241 gold pieces at shops.

Inventory:

Hand Weapons
 a - a +0 war axe (weapon)
 o - a +5 dagger of venom
Missiles
 d - 4 throwing nets
 e - a javelin
 f - 4 atropa-tipped darts
 m - 33 poisoned darts (quivered)
 s - 16 boomerangs
 B - 3 silver javelins
 I - 2 curare-tipped darts
Armour
 c - a +0 helmet (worn)
 g - a +0 pair of boots (worn)
 n - a +0 cloak (worn)
 u - a +0 pair of gloves (worn)
 J - a +1 scale mail of poison resistance (worn)
 L - a +3 scale mail
Jewellery
 j - an amulet of faith {!P}
 k - a +6 ring of dexterity
 v - a ring of poison resistance (right hand)
 C - an amulet of regeneration (around neck)
 N - a +5 ring of evasion (left hand)
 R - an amulet of reflection
Wands
 F - a wand of iceblast (2)
 M - a wand of acid (10)
 P - a wand of polymorph (13)
Scrolls
 b - 2 scrolls of poison {unknown}
 i - 4 scrolls of blinking {unknown}
 l - 5 scrolls of teleportation
 p - a scroll of fear {unknown}
 t - a scroll of enchant weapon {unknown}
 w - 3 scrolls of fog {unknown}
 y - 2 scrolls of silence {unknown}
 A - 4 scrolls of magic mapping
 G - a scroll of enchant armour {unknown}
 H - a scroll of noise {unknown}
 K - a scroll of brand weapon
 O - a scroll of amnesia {unknown}
Potions
 h - 7 potions of curing {unknown}
 q - 3 potions of haste
 r - a potion of brilliance
 x - a potion of invisibility
 z - 3 potions of cancellation
 D - 4 potions of mutation {!q}
 E - a potion of heal wounds
 S - a potion of flight


   Skills:
 + Level 8.6 Fighting
 * Level 13.4 Axes
 + Level 6.6 Throwing
 + Level 7.5 Armour
 + Level 6.3 Dodging
 + Level 3.3 Invocations
 + Level 2.5 Evocations


You had 10 spell levels left.
You didn't know any spells.
Your spell library contained the following spells:

 Spells                   Type           Power      Damage    Failure   Level
 Hailstorm                Conj/Ice       0%         3d3       97%         3
 Inner Flame              Hex/Fire       0%         N/A       97%         3
 Stone Arrow              Conj/Erth      0%         3d7       97%         3
 Animate Armour           Summ/Erth      0%         N/A       100%        4
 Flame Wave               Conj/Fire      0%         2d4       100%        4
 Ice Form                 Ice/Tmut       0%         N/A       100%        4
 Sticky Flame             Conj/Fire      0%         2d3       100%        4
 Simulacrum               Ice/Necr       0%         N/A       100%        6
 Lehudib's Crystal Spear  Conj/Erth      0%         10d2      100%        8


Dungeon Overview and Level Annotations

Branches:
Dungeon (9/15)             Temple (0/1) D:6            Lair (0/5) D:8
  Sewer (visited)
    Orc: D:9-12

Altars:
Ashenzari
Dithmenos
Elyvilon
Fedhas
Hepliaklqana
Makhleb
Nemelex Xobeh
Okawaru
Sif Muna
Trog
Vehumet
Xom
Yredelemnul
Zin
Lugonu

Shops:
D:7 ?   D:8 *

Annotations:
D:7 exclusion: oklob plant
D:9 1 transporter


Message History

You hit the small abomination. The purple ugly thing pecks you.
Your orc wizard hits the purple ugly thing with a +2 dagger of speed.
You slash the purple ugly thing!
The purple ugly thing is almost dead.
You hit the small abomination but do no damage.
You hit the small abomination. You barely miss the small abomination.
The small abomination hits you.
The small abomination closely misses you.
The purple ugly thing closely misses you.
The small abomination barely misses you.
Your orc wizard hits the purple ugly thing with a +2 dagger of speed.
You slash the purple ugly thing!
You kill the purple ugly thing!
Beogh accepts your kill.
You closely miss the small abomination. You barely miss the small abomination.
You hit the small abomination.
The small abomination barely misses you.
You closely miss the white ugly thing.
You hit the small abomination but do no damage.
You slash the small abomination! You closely miss the small abomination.
Your orc wizard hits the small abomination but does no damage.
The small abomination barely misses you.
You slash the white ugly thing!
The white ugly thing is lightly wounded.
You barely miss the small abomination. You slash the small abomination! x2
You destroy the small abomination!
Beogh accepts your kill. The white ugly thing stings you.
The white ugly thing freezes you!!
* * * LOW HITPOINT WARNING * * *
Your orc wizard points at the small abomination and mumbles some strange words.
The magic dart hits the small abomination but does no damage.
The small abomination hits you.
* * * LOW HITPOINT WARNING * * *
Okay, then.
You feel much better.
The small abomination hits you but does no damage.
The white ugly thing stings you.
* * * LOW HITPOINT WARNING * * *
The white ugly thing freezes you!!
You die...

.........####.o...####....# #..
....†...##=.##...##..##...# #..
........#.)###...###..#...#####..
#.......#....##.##....#..........
#.......###...###...###..........
#........###.......###....######.
#..........##..)..##......#....#.
#..........©#.)x.©#©......#....#.
#..........##..x@.##......#....#.
#........###...uo..###....#....#.
#.......###...###...###...##'###.
#.......#....##.##....#..........
........#$(.##...###..#..........
........##..##...##©[##......####
.........####.....####.......#
####.........................#
...#.>...........#####.......#


You could see a white ugly thing, 2 small abominations and a friendly orc wizard
(invisible, sick).

Vanquished Creatures
  Pikel (D:4)
  2 ugly things (D:9)
  A komodo dragon (D:8)
  A troll (D:9)
  A wyvern (D:9)
  A wraith (D:9)
  10 yaks
  4 vampire mosquitoes (D:9)
  2 water moccasins
  2 orc warriors (D:7)
  A black bear (D:6)
  3 ice beasts
  4 sky beasts
  2 ogres
  A wolf (D:7)
  3 centaurs
  3 small abominations (D:9)
  A phantom (D:7)
  3 bullfrogs
  3 kobold brigands
  5 gnoll sergeants (D:7)
  A necrophage (D:5)
  7 scorpions
  5 wights
  2 howler monkeys (D:9)
  2 crimson imps (D:9)
  3 jellies
  7 hounds
  2 orc priests (D:7)
  3 gnoll boudas (D:7)
  4 orc wizards (D:7)
  21 gnolls
  12 adders
  A river rat (D:3)
  A white imp (D:8)
  2 ufetubi
  An adder zombie (D:3)
  8 worms
  2 dart slugs (D:4)
  17 orcs
  10 endoplasms
  4 giant cockroaches
  4 goblins
  6 hobgoblins
  10 jackals
  33 kobolds
  3 quokkas
  15 ball pythons
  A ball python zombie (D:3)
  7 bats
  3 frilled lizards (D:1)
  7 rats
  A spectral kobold (D:9)
259 creatures vanquished.

Vanquished Creatures (collateral kills)
  An ancient zyme (D:9)
  A hornet (D:9)
  A yak (D:8)
  An orc warrior (D:9)
  2 kobold brigands
  A howler monkey (D:9)
  2 crimson imps (D:9)
  An orc wizard (D:9)
  5 kobolds
15 creatures vanquished.

Vanquished Creatures (others)
  3 orc priests (D:9)
  6 orc wizards
  7 orcs
  40 plants
56 creatures vanquished.

Grand Total: 330 creatures vanquished

Notes
Turn   | Place    | Note
-------+----------+-------------------------------------------
     0 | D:1      | mopl the Hill Orc Gladiator began the quest for the Orb.
     0 | D:1      | Reached XP level 1. HP: 18/18 MP: 1/1
    88 | D:1      | Reached XP level 2. HP: 4/25 MP: 2/2
   214 | D:1      | Reached skill level 2 in Throwing
   220 | D:1      | Reached skill level 1 in Armour
   220 | D:1      | Reached XP level 3. HP: 24/30 MP: 3/3
   745 | D:2      | You fall into a shaft and drop 2 floors!
   790 | D:4      | Noticed a scorpion
   804 | D:4      | Reached skill level 5 in Axes
   805 | D:4      | Killed a scorpion
   806 | D:4      | Reached skill level 3 in Fighting
   806 | D:4      | Reached XP level 4. HP: 33/38 MP: 4/4
   826 | D:4      | Found a burning altar of Makhleb.
   863 | D:3      | Reached XP level 5. HP: 45/45 MP: 5/5
  1005 | D:3      | Found a basalt altar of Yredelemnul.
  1053 | D:3      | Found a broken altar of Ashenzari.
  1289 | D:3      | Reached skill level 2 in Armour
  1297 | D:3      | Found a glowing drain.
  1310 | Sewer    | Entered a sewer
  1471 | Sewer    | Reached skill level 3 in Dodging
  1596 | Sewer    | Noticed a kobold brigand
  1616 | Sewer    | Killed a kobold brigand
  1617 | Sewer    | Reached skill level 6 in Axes
  1617 | Sewer    | Reached XP level 6. HP: 30/52 MP: 6/6
  2024 | D:3      | Found a glowing silver altar of Zin.
  2038 | D:3      | Found a radiant altar of Vehumet.
  2181 | D:3      | Found a sparkling altar of Nemelex Xobeh.
  2381 | D:2      | Identified the +6 flail "Raveusm" {heavy, rElec rF- rN+
                  | Int+7}
  3077 | D:4      | Found Vafon's Book Emporium.
  3099 | D:4      | Reached skill level 4 in Fighting
  3171 | D:4      | Reached skill level 3 in Throwing
  3171 | D:4      | Reached XP level 7. HP: 59/59 MP: 7/7
  3458 | D:5      | Entered Level 5 of the Dungeon
  3466 | D:5      | Reached skill level 7 in Axes
  3466 | D:5      | Reached skill level 3 in Armour
  3617 | D:5      | Became a worshipper of Beogh the Brigand
  3642 | D:5      | Noticed Pikel
  3685 | D:4      | Killed Pikel
  3686 | D:4      | Reached skill level 5 in Fighting
  3686 | D:4      | Reached skill level 8 in Axes
  3686 | D:4      | Reached skill level 4 in Armour
  3686 | D:4      | Reached skill level 4 in Dodging
  3686 | D:4      | Reached XP level 8. HP: 41/68 MP: 8/8
  3722 | D:5      | Reached skill level 4 in Throwing
  3795 | D:5      | Reached skill level 9 in Axes
  4263 | D:6      | Reached XP level 9. HP: 72/75 MP: 9/9
  4315 | D:6      | Reached skill level 6 in Fighting
  4318 | D:6      | Reached skill level 10 in Axes
  4318 | D:6      | Reached skill level 5 in Armour
  4583 | D:6      | Found a staircase to the Ecumenical Temple.
  4604 | D:6      | Found a shadowy altar of Dithmenos.
  4729 | D:6      | Reached skill level 5 in Throwing
  4797 | D:6      | Reached skill level 5 in Dodging
  4856 | D:7      | Reached * piety under Beogh
  4866 | D:7      | Reached skill level 11 in Axes
  4924 | D:7      | Reached skill level 7 in Fighting
  4937 | D:7      | Reached XP level 10. HP: 37/86 MP: 10/10
  5018 | D:7      | Found Weimpink's Magic Scroll Shoppe.
  5024 | D:7      | Bought a scroll of teleportation for 33 gold pieces
  5024 | D:7      | Bought a scroll of magic mapping for 82 gold pieces
  5024 | D:7      | Bought a scroll of brand weapon for 104 gold pieces
  5125 | D:7      | Reached skill level 6 in Armour
  5166 | D:7      | Reached ** piety under Beogh
  5362 | D:7      | Found a blossoming altar of Fedhas.
  5375 | D:7      | Noticed an oklob plant
  5687 | D:7      | Reached *** piety under Beogh
  5690 | D:7      | Reached skill level 12 in Axes
  5946 | D:7      | Bought a scroll of identify for 22 gold pieces
  5987 | D:8      | Found a white marble altar of Elyvilon.
  6060 | D:8      | Reached skill level 6 in Throwing
  6127 | D:8      | Found Pehopi's General Store.
  6176 | D:8      | Found a bloodstained altar of Trog.
  6309 | D:8      | Found a staircase to the Lair.
  6320 | D:8      | Reached skill level 8 in Fighting
  6320 | D:8      | Reached skill level 1 in Invocations
  6576 | D:8      | Found a shimmering blue altar of Sif Muna.
  6775 | D:9      | Found a hazy altar of Hepliaklqana.
  6851 | D:9      | Reached skill level 6 in Dodging
  6851 | D:9      | Reached skill level 1 in Evocations
  6856 | D:9      | Reached skill level 7 in Armour
  6908 | D:9      | Reached XP level 11. HP: 79/94 MP: 12/12
  6915 | D:9      | Reached skill level 2 in Invocations
  6938 | D:9      | Reached skill level 13 in Axes
  7018 | D:9      | Identified the +0 mace "Hiesewko" {protect, rCorr Dex+2}
  7029 | D:9      | Reached skill level 2 in Evocations
  7058 | D:9      | Found a transporter.
  7062 | D:9      | Found a corrupted altar of Lugonu.
  7063 | D:9      | Noticed a purple ugly thing
  7126 | D:9      | Found an iron altar of Okawaru.
  7234 | D:9      | Found a shimmering altar of Xom.
  7376 | D:9      | Reached **** piety under Beogh
  7382 | D:9      | Found a transporter.
  7382 | D:9      | Noticed a cyan ugly thing
  7382 | D:9      | Noticed a cyan ugly thing
  7473 | D:9      | Reached skill level 3 in Invocations
  7477 | D:9      | Killed a purple ugly thing
  7483 | D:9      | Killed a purple ugly thing
  7486 | D:9      | Mangled by a white ugly thing

Illustrated notes

Levels and vault maps discovered:
D:1:      minmay_arrival_nine_rooms, layout_basic
D:2:      layout_loops_ring, serial_bayou_pond_b
D:3:      layout_loops_cross, amethyst_overflow_temple_binary,
          nicolae_overflow_crystal_walls, lemuel_zombie_altar_yredelemnul,
          nemelex_dance_club_becter, portal_sewer_entry_e
D:4:      layout_loops_ring, lightli_temple_of_fire, serial_shops, shop_statue
D:5:      layout_basic, grunt_ministairs_6, st_stairs_12, uniq_pikel
D:6:      layout_loops_ring, nicolae_dithmenos_through_a_glass_darkly,
          minmay_temple_entry_hall
D:7:      layout_cave_pools, tgw_fedhas, serial_shops, nicolae_diamond_shop,
          serial_gnoll_camp, gnoll_camp_mini_doghouse, gnoll_camp_mini_hut,
          gnoll_camp_medium_02, gnoll_camp_mini_basic, gnoll_camp_huts_basic,
          gnoll_camp_mini_hut
D:8:      layout_basic, mainiacjoe_overflow_alcove_1, led_sif_book,
          mainiacjoe_overflow_catwalk, david_lair_shrubbed, serial_shops,
          nicolae_shop_crystal
D:9:      gammafunk_corrupted_shrine, layout_irregular_city,
          nicolae_hepliaklqana_monster_ancestors, okawaru_metal_pillars_3,
          led_xom_imps

Skill      XL: |  1  2  3  4  5  6  7  8  9 10 11 |
---------------+----------------------------------+-----
Throwing       | 2 3 4 5 6 |  6.6
Armour         | 1 2 4 5 7 |  7.5
Axes           | 5 6 8 9 11 12 13 | 13.4
Fighting       | 3 4 5 7 8 |  8.6
Dodging        | 3 4 5 6 |  6.3
Invocations    | 1 3 |  3.3
Evocations     | 1 2 |  2.5

Action                     |  1- 3 |  4- 6 |  7- 9 | 10-12 || total
---------------------------+-------+-------+-------+-------++-------
  Melee: War axe           |    70 |   283 |   260 |   389 ||  1002
         Punch             |       |       |     4 |     3 ||     7
  Throw: Throwing net      |     1 |       |       |       ||     1
         Dart              |     4 |       |       |       ||     4
 Invoke: Convert to Beogh  |       |       |     1 |       ||     1
         Recall Orcish Fol |       |       |       |     1 ||     1
    Use: Potion            |       |     5 |       |     2 ||     7
         Scroll            |       |     2 |       |     4 ||     6
   Stab: Sleeping          |     1 |     2 |       |       ||     3
         Distracted        |       |       |       |     2 ||     2
         Confused          |       |       |       |     2 ||     2
 Armour: Leather armour    |    36 |    48 |       |       ||    84
         Scale mail        |       |    43 |   131 |   143 ||   317
  Dodge: Dodged            |    50 |   177 |   198 |   269 ||   694

Table legend: (Time is in decaauts)
 A = Elapsed time spent in this place.
 B = Non-inter-level travel time spent in this place.
 C = Inter-level travel time spent in this place.
 D = Time resting spent in this place.
 E = Time spent auto-exploring this place.
 F = Levels seen in this place.
 G = Mean time per level.
                   A        B        C        D        E       F      G
               +--------+--------+--------+--------+--------+-----+--------+
         Total |   7619 |   7211 |    408 |    192 |   4612 |  10 |  761.9 |
       Dungeon |   7155 |   6747 |    408 |    192 |   4414 |   9 |  795.0 |
         Sewer |    464 |    464 |      0 |      0 |    198 |   1 |  464.0 |
               +--------+--------+--------+--------+--------+-----+--------+

Top non-repeatable levels by time:
     D:7: 1149 daAuts
     D:3: 1104 daAuts
     D:4: 871 daAuts
     D:6: 822 daAuts
     D:8: 780 daAuts
     D:9: 697 daAuts
     D:2: 640 daAuts
     D:1: 613 daAuts
     D:5: 475 daAuts
   Sewer: 464 daAuts
